 Dungeon Crawl Stone Soup version 0.26-a0-597-gb535b0901c (webtiles) character file.

Game seed: 16712322230923891246

7828 Brandom the Fighter (level 11, -1/108 HPs)
             Began as a Palentonga Delver on Sept 10, 2020.
             Was an Elder of Fedhas.
             Slain by a fire elemental (6 damage)
             ... summoned by a deep elf mage
             ... on level 10 of the Dungeon.
             The game lasted 00:41:36 (12541 turns).

Brandom the Fighter (Palentonga Delver)            Turns: 12541, Time: 00:41:37

Health: -1/108     AC: 12    Str: 16    XL:     11   Next: 1%
Magic:  16/16      EV: 10    Int: 26    God:    Fedhas [****..]
Gold:   221        SH:  0    Dex:  7    Spells: 8/16 levels left

rFire    . . .     SeeInvis +   f - +6 short sword (venom)
rCold    + . .     Faith    .   (no shield)
rNeg     . . .     Spirit   .   S - +4 leather armour of the Unseen Realm {-Tele +Fly MR+++ Int+7 Dex-5}
rPois    .         Reflect  .   G - +0 helmet
rElec    .         Harm     .   M - +1 cloak
rCorr    .         NoTele   +   (no gloves)
MR       +++..                  (no barding)
Stlth    ++........             (no amulet)
HPRegen  0.28/turn              F - ring of protection from cold
MPRegen  0.15/turn              p - +6 ring of intelligence

@: no status effects
A: large, rugged brown scales 3, see invisible, deformed body, roll, armoured
tail
a: Rolling Charge, Wall of Briars, Grow Ballistomycete, Overgrow, Renounce
Religion, Evoke Flight


You were on level 10 of the Dungeon.
You worshipped Fedhas.
Fedhas was greatly pleased with you.
You visited 1 branch of the dungeon, and saw 10 of its levels.
You also visited: Ossuary.

You collected 596 gold pieces.
You spent 375 gold pieces at shops.

Inventory:

Hand Weapons
 a - a +0 mace
 f - a +6 short sword of venom (weapon)
   (You took it off Blork the orc on level 5 of the Dungeon)
 E - a cursed +0 hand axe
   (You found it on level 1 of the Dungeon)
 H - a +0 club
   (You took it off a hobgoblin on level 2 of the Dungeon)
 T - a +2 scimitar of flaming
   (You took it off Erica on level 9 of the Dungeon)
Missiles
 n - 27 boomerangs (quivered)
Armour
 b - a +0 leather armour
 g - the +3 hat of Pondering {ponderous, MR+ MP+10 Int+5}
   (You took it off Gastronok on level 9 of the Dungeon)

   It affects your intelligence (+5).
   It affects your resistance to hostile enchantments.
   It affects your magic capacity (+10).
 G - a +0 helmet (worn)
   (You took it off Robin on level 2 of the Dungeon)
 M - a +1 cloak (worn)
   (You found it on level 7 of the Dungeon)
 S - the +4 leather armour of the Unseen Realm (worn) {-Tele +Fly MR+++ Int+7 Dex-5}
   (You found it on level 9 of the Dungeon)

   It affects your intelligence (+7).
   It affects your dexterity (-5).
   It affects your resistance to hostile enchantments.
   It lets you fly.
   It prevents most forms of teleportation.
Jewellery
 p - a +6 ring of intelligence (right hand)
   (You found it on level 4 of the Dungeon)
 w - an uncursed ring of ice
   (You found it on level 8 of the Dungeon)
 F - a ring of protection from cold (left hand)
   (You found it on level 2 of the Dungeon)
 K - an uncursed ring of protection from cold
   (You found it on level 6 of the Dungeon)
 R - an uncursed ring of see invisible {unknown}
   (You found it on level 8 of the Dungeon)
Wands
 d - a wand of iceblast (8)
   (You found it on level 5 of the Dungeon)
 t - a wand of flame (15)
   (You found it on level 8 of the Dungeon)
 N - a wand of polymorph (11)
   (You found it on level 7 of the Dungeon)
Scrolls
 c - 2 scrolls of fog
 h - 3 scrolls of teleportation {@r4}
 i - 2 scrolls of magic mapping
 j - 6 scrolls of remove curse {@r2}
 k - 3 scrolls of enchant weapon
 l - 2 scrolls of enchant armour
 m - 4 scrolls of immolation {!r}
 r - 2 scrolls of random uselessness
 y - 3 scrolls of amnesia
 B - 2 scrolls of fear
 O - a scroll of blinking
 Q - a scroll of vulnerability {unknown}
 U - a scroll of noise {unknown}
Potions
 e - 3 potions of degeneration {!q}
 o - 2 potions of cancellation {unknown}
 q - 3 potions of mutation {unknown}
 s - 2 potions of resistance
 v - a potion of haste {@q3}
 x - 3 potions of curing {@q1}
 z - 2 potions of stabbing
 A - 3 potions of lignification {!q}
 C - 2 potions of brilliance
 D - 3 potions of heal wounds {unknown}
 I - 2 potions of magic
 J - a potion of might
 P - 3 potions of flight
Miscellaneous
 L - a condenser vane (2/2)
   (You bought it in a shop on level 6 of the Dungeon)


   Skills:
 * Level 10.8 Fighting
 - Level 4.0 Maces & Flails
 + Level 2.7 Armour
 + Level 4.0 Dodging
 - Level 3.3 Stealth
 - Level 3.0 Spellcasting
 + Level 0.2 Conjurations
 - Level 5.0 Fire Magic
 + Level 7.5 Invocations
 + Level 5.4 Evocations


You had 8 spell levels left.
You knew the following spells:

 Your Spells              Type           Power        Failure   Level
a - Foxfire               Conj/Fire      ###.         3%          1
d - Conjure Flame         Conj/Fire      ###.....     12%         3
q - Sticky Flame          Conj/Fire      ###.....     36%         4

Your spell library contained the following spells:

 Spells                   Type           Power        Failure   Level
 Inner Flame              Hex/Fire       ###.....     12%         3
 Fireball                 Conj/Fire      ###.......   71%         5


Dungeon Overview and Level Annotations

Branches:
Dungeon (10/15)            Temple (0/1) D:7            Lair (0/6) D:9
Ossuary (visited)
    Orc: D:9-12

Altars:
Fedhas
Gozag
Makhleb
Sif Muna

Shops:
D:5 (   D:6 ?}

Annotations:
D:5 2 transporters, adozu's ghost, amateur GnDe


Innate Abilities, Weirdness & Mutations

You are completely covered in rugged brown scales. (AC +3, +7% HP)
You have supernaturally acute eyesight. (SInv)
Armour fits poorly on your strangely shaped body.
You can roll at foes to attack.
You have a long armoured tail.


Message History

The troll claws something but does no damage.
The troll claws something.
You see here an arrow.
The bullfrog hits you but does no damage.
The centaur warrior shoots an arrow.
The arrow hits you but does no damage.
Found 15 gold pieces.
You see here an arrow.
The bullfrog hits you but does no damage.
The bullfrog completely misses you.
Found a plate armour and a scroll of identify.
The centaur warrior shoots an arrow.
The arrow hits you.
* * * LOW HITPOINT WARNING * * *
Found an encrusted iron ring.
You see here an arrow.
The bullfrog hits you.
* * * LOW HITPOINT WARNING * * *
You cannot teleport because you are wearing the +4 leather armour of the Unseen Realm {-Tele +Fly MR+++ Int+7 Dex-5}.
The bullfrog hits you but does no damage.
Fedhas accepts your kill.
You have reached level 11!
You feel a bit more experienced.
The deep elf mage mumbles some strange words.
The fire elemental hits you. The fire elemental burns you!
* * * LOW HITPOINT WARNING * * *
The bullfrog hits you.
* * * LOW HITPOINT WARNING * * *
You are confused.
You feel invigorated. The fire elemental misses you.
The bullfrog hits you but does no damage.
The bullfrog hits you but does no damage.
The fire elemental hits you. The fire elemental burns you!
* * * LOW HITPOINT WARNING * * *
You miss the fire elemental. The fire elemental hits you.
The fire elemental burns you!
* * * LOW HITPOINT WARNING * * *
The bullfrog barely misses you. The fire elemental barely misses you.
The centaur warrior is engulfed in blazing flames.
The fire elemental barely misses you.
You feel better.
You feel less invigorated. The bullfrog hits you.
* * * LOW HITPOINT WARNING * * *
The fire elemental hits you. The fire elemental burns you!
* * * LOW HITPOINT WARNING * * *
The fire elemental hits you. The fire elemental burns you!
* * * LOW HITPOINT WARNING * * *
The deep elf mage hits you but does no damage.
Okay, then.
You fail to use your ability.
The fire elemental hits you. The fire elemental burns you!
You die...
Fedhas appreciates your contribution to the ecosystem.

#.# #T #.#.##.###.#......##
##.# ##.###.#.#.............#
(.:$! #.#..#.#.#.....>#......#
.[!.)##P#..#.....#.####......#
[??(...#T#..............######
#.P#P##.....##.###.#
#.(#.##.....##..##.########
###(###...Ee###.##.........
#.....#...c@# #..#....<...(
#$##.(#..FE.# ##.#.........
..##.#....°..# #.#.########
#.#=[##.#..#### #........#
...#.?#..#..# ##.......# #.#
###.###..# #.......# .. ...
...# #.>.....# ### ....#
#.......# ###### #.......#


You could see a centaur warrior, a deep elf mage, 2 fire elementals and a
bullfrog.

Vanquished Creatures
  Gastronok (D:9)
  Erica (D:9)
  An elephant (D:8)
  Joseph (D:9)
  2 trolls
  A hippogriff (D:9)
  4 yaks (D:7)
  3 ice beasts
  A phantom (D:8)
  4 ogres
  3 centaurs
  3 crocodiles
  3 big kobolds
  Blork the orc (D:5)
  5 bullfrogs
  A scorpion (D:5)
  4 killer bees (D:8)
  8 wights
  A jelly (D:7)
  3 hounds (D:9)
  A human zombie (Ossuary)
  9 orc wizards
  A bullfrog skeleton (D:8)
  4 orc priests
  An iguana (D:9)
  7 worker ants
  A big kobold zombie (Ossuary)
  A hound skeleton (D:6)
  4 mummies (Ossuary)
  A worker ant zombie (D:7)
  Robin (D:2)
  8 adders
  A shadow imp (D:10)
  2 white imps
  2 ufetubi (D:7)
  2 oozes (D:3)
  An adder zombie (D:7)
  2 worms
  A dart slug (D:1)
  4 leopard geckos
  35 orcs
  15 giant cockroaches
  A gnoll zombie (Ossuary)
  4 hobgoblins
  4 jackals (D:2)
  6 quokkas
  6 bats
  3 frilled lizards
  17 goblins
  4 goblin zombies (Ossuary)
  A hobgoblin zombie (Ossuary)
  14 kobolds
  2 leopard gecko skeletons
  A leopard gecko zombie (D:5)
  A quokka zombie (D:5)
  8 rats
227 creatures vanquished.

Vanquished Creatures (collateral kills)
  A death yak (D:8)
  2 killer bees (D:8)
  A wight (D:7)
  An ufetubus (D:8)
  A leopard gecko (D:8)
6 creatures vanquished.

Vanquished Creatures (others)
  2 foxfires (D:9)
  3 fungi (D:9)
  8 plants
13 creatures vanquished.

Grand Total: 246 creatures vanquished

Notes
Turn   | Place    | Note
-------+----------+-------------------------------------------
     0 | D:5      | Brandom the Palentonga Delver began the quest for the Orb.
     0 | D:5      | Reached XP level 1. HP: 20/20 MP: 1/1
   207 | D:5      | Noticed Blork the orc
   215 | D:5      | Killed Blork the orc
   215 | D:5      | Reached XP level 2. HP: 22/28 MP: 2/2
   215 | D:5      | Reached XP level 3. HP: 27/35 MP: 3/3
   323 | D:5      | Found a transporter.
   323 | D:5      | Found a transporter.
   325 | D:5      | Noticed adozu's ghost (amateur GnDe)
   326 | D:5      | Noticed a killer bee
   329 | D:5      | Noticed a killer bee
   332 | D:5      | Noticed a killer bee
   334 | D:5      | Noticed a killer bee
   338 | D:5      | Noticed a killer bee
   389 | D:5      | Noticed a scorpion
   395 | D:5      | Killed a scorpion
   395 | D:5      | Reached skill level 4 in Fighting
   395 | D:5      | Reached XP level 4. HP: 33/42 MP: 4/4
   467 | D:5      | Found Xenlem's Weapon Shoppe.
   873 | D:6      | Noticed a centaur
   947 | D:4      | Reached XP level 5. HP: 49/49 MP: 5/5
   975 | D:4      | Found a sand-covered staircase.
   993 | Ossuary  | Entered an ossuary
  1953 | D:3      | Reached XP level 6. HP: 52/56 MP: 6/6
  2397 | D:1      | Found a blossoming altar of Fedhas.
  3075 | D:1      | Became a worshipper of Fedhas Madash
  3511 | D:2      | Noticed Robin
  3523 | D:2      | Killed Robin
  3941 | D:3      | Reached * piety under Fedhas
  3941 | D:3      | Reached skill level 5 in Fighting
  3951 | D:3      | Reached skill level 1 in Invocations
  4547 | D:3      | Reached ** piety under Fedhas
  5234 | D:4      | Reached XP level 7. HP: 40/65 MP: 8/8
  5485 | D:4      | Learned a level 1 spell: Foxfire
  5913 | D:6      | Reached skill level 6 in Fighting
  5913 | D:6      | Reached skill level 1 in Spellcasting
  5917 | D:6      | Reached skill level 1 in Fire Magic
  6318 | D:6      | Found Xitwodd's Gadget Shoppe.
  6327 | D:6      | Bought a condenser vane (2/2) for 240 gold pieces
  6544 | D:6      | Found Ymiu's Magic Scroll Boutique.
  6552 | D:6      | Bought a scroll of identify for 30 gold pieces
  6552 | D:6      | Bought a scroll of identify for 30 gold pieces
  6552 | D:6      | Bought a scroll of identify for 30 gold pieces
  6552 | D:6      | Bought a scroll of teleportation for 45 gold pieces
  6618 | D:7      | Noticed a yak
  6619 | D:7      | Noticed a yak
  6620 | D:7      | Reached *** piety under Fedhas
  6648 | D:7      | Killed a yak
  6648 | D:7      | Reached XP level 8. HP: 64/75 MP: 9/11
  6655 | D:7      | Reached skill level 1 in Evocations
  6752 | D:7      | Reached skill level 7 in Fighting
  7383 | D:7      | Found a staircase to the Ecumenical Temple.
  7702 | D:7      | Reached XP level 9. HP: 76/86 MP: 13/13
  8201 | D:7      | HP: 2/86 [centaur/arrow (5)]
  8202 | D:7      | Reached skill level 8 in Fighting
  9009 | D:8      | Found a shimmering blue altar of Sif Muna.
  9014 | D:8      | Reached skill level 5 in Invocations
  9725 | D:9      | Found a burning altar of Makhleb.
  9734 | D:9      | Got a scorched leather armour
  9745 | D:9      | Identified the +4 leather armour of the Unseen Realm {-Tele
                  | +Fly MR+++ Int+7 Dex-5} (You found it on level 9 of the
                  | Dungeon)
  9758 | D:9      | Reached **** piety under Fedhas
  9782 | D:9      | Reached skill level 9 in Fighting
  9823 | D:9      | Noticed Joseph
 10062 | D:9      | Noticed Erica
 10094 | D:9      | Killed Erica
 10094 | D:9      | Reached XP level 10. HP: 8/97 MP: 14/14
 10672 | D:9      | HP: 5/147 [Joseph/+0 quarterstaff (3)]
 10673 | D:9      | Killed Joseph
 11104 | D:9      | Noticed Gastronok
 11118 | D:9      | Killed Gastronok
 11118 | D:9      | Reached skill level 10 in Fighting
 11118 | D:9      | Reached skill level 5 in Fire Magic
 11118 | D:9      | Reached skill level 5 in Evocations
 11337 | D:9      | Found a staircase to the Lair.
 11355 | D:9      | Noticed an elephant
 11357 | D:9      | Noticed a death yak
 11377 | D:8      | Killed an elephant
 11525 | D:8      | Killed a death yak
 12329 | D:9      | Learned a level 3 spell: Conjure Flame
 12334 | D:9      | Learned a level 4 spell: Sticky Flame
 12374 | D:10     | Entered Level 10 of the Dungeon
 12431 | D:10     | Found an opulent altar of Gozag.
 12521 | D:10     | Noticed a deep elf mage
 12527 | D:10     | Noticed a centaur warrior
 12535 | D:10     | Reached XP level 11. HP: 24/108 MP: 13/16
 12540 | D:10     | HP: 5/108 [fire elemental[a deep elf mage] (5)]
 12541 | D:10     | Slain by a fire elemental

Illustrated notes

Levels and vault maps discovered:
D:1:      dpeg_arrival_lava_altar, layout_basic, serial_bayou_lake_a
D:2:      layout_loops_corners, uniq_robin
D:3:      minmay_roachtagon, layout_loops_corners, serial_forest,
          infiniplex_forest_end_3, infiniplex_forest_clump_diagonal,
          infiniplex_forest_lined_2, infiniplex_forest_clump_C,
          infiniplex_forest_straight_5, infiniplex_forest_zigzag_1,
          infiniplex_forest_clump_medium, infiniplex_forest_lined_corner
D:4:      layout_rooms, nicolae_ossuary_entry_monument
D:5:      layout_basic, gammafunk_ghost_hive, minmay_shop_grid_forest,
          uniq_blork_the_orc
D:6:      layout_basic, serial_shops, shop, shop
D:7:      layout_basic, minmay_temple_entry_glassed_door
D:8:      layout_basic, basic_altar
D:9:      layout_loops_ring, nicolae_overflow_hidden_temple, david_lair_generic,
          uniq_joseph, uniq_gastronok, uniq_erica
D:10:     minmay_the_grid_square_5x5_4x4 [minmay_the_grid_square_5x5_minivault,
          minmay_the_grid_square_5x5_minibox,
          minmay_the_grid_square_5x5_shrine1,
          minmay_the_grid_square_5x5_eight_small,
          minmay_the_grid_square_5x5_doubleslash,
          minmay_the_grid_square_5x5_prize_junk,
          minmay_the_grid_square_5x5_prize_pseudospiral,
          minmay_the_grid_square_5x5_checkered_sparse,
          minmay_the_grid_square_5x5_tie,
          minmay_the_grid_square_5x5_prize_snowflake,
          minmay_the_grid_square_5x5_prize_itemx,
          minmay_the_grid_square_5x5_comb, minmay_the_grid_square_5x5_detours,
          minmay_the_grid_square_5x5_broken_cross,
          minmay_the_grid_square_5x5_bite,
          minmay_the_grid_square_5x5_tri_point], layout_basic,
          chequers_serial_rivers_small_a, grunt_gozag_statues

Skill      XL: |  1  2  3  4  5  6  7  8  9 10 |
---------------+-------------------------------+-----
Dodging        | 2 3 4 |  4.0
Fighting       | 4 5 6 7 9 10 | 10.8
Maces & Flails | 3 4 |  4.0
Invocations    | 1 3 4 6 7 |  7.5
Spellcasting   | 2 3 |  3.0
Fire Magic     | 1 2 4 5 |  5.0
Evocations     | 2 4 5 |  5.4
Armour         | 2 |  2.7
Stealth        | |  3.3
Conjurations   | |  0.2

Action                   |  1- 3 |  4- 6 |  7- 9 | 10-12 || total
-------------------------+-------+-------+-------+-------++-------
Melee: Mace              |     5 |       |       |       ||     5
       Tailslap          |     2 |    17 |    40 |    15 ||    74
       Short sword       |     6 |   246 |   287 |   128 ||   667
Throw: Boomerang         |       |     8 |    28 |    20 ||    56
 Cast: Foxfire           |       |       |     1 |       ||     1
Invok: Wall of Briars    |       |       |     3 |     4 ||     7
 Abil: Rolling Charge    |     1 |     1 |    24 |     5 ||    31
Evoke: Wand              |       |     3 |       |     1 ||     4
       Condenser vane    |       |       |     2 |       ||     2
  Use: Potion            |     1 |       |     2 |     6 ||     9
       Scroll            |       |     5 |    11 |       ||    16
 Stab: Sleeping          |       |    11 |     2 |     1 ||    14
Armor: Leather armour    |     1 |    66 |    70 |    76 ||   213
Dodge: Dodged            |     3 |   111 |   150 |    69 ||   333

Table legend: (Time is in decaauts)
 A = Elapsed time spent in this place.
 B = Non-inter-level travel time spent in this place.
 C = Inter-level travel time spent in this place.
 D = Time resting spent in this place.
 E = Time spent auto-exploring this place.
 F = Levels seen in this place.
 G = Mean time per level.
                   A        B        C        D        E       F      G
               +--------+--------+--------+--------+--------+-----+--------+
         Total |  12690 |  12274 |    416 |   2710 |   7523 |  11 | 1153.6 |
       Dungeon |  11756 |  11340 |    416 |   2130 |   7451 |  10 | 1175.6 |
       Ossuary |    934 |    934 |      0 |    580 |     72 |   1 |  934.0 |
               +--------+--------+--------+--------+--------+-----+--------+

Top non-repeatable levels by time:
     D:9: 2350 daAuts
     D:7: 2001 daAuts
     D:8: 1531 daAuts
     D:1: 1120 daAuts
     D:3: 1049 daAuts
     D:6: 948 daAuts
 Ossuary: 934 daAuts
     D:5: 893 daAuts
     D:2: 868 daAuts
     D:4: 824 daAuts
    D:10: 169 daAuts
